[ AOE2 MATCH · #504607263 ]
UnrankedBritons vs Koreans
Player's team · LOSS
Rival team · WIN
[ REPLAY ANALYSIS · EXTRACTED FROM THE RECORDED GAME ]
Feudal
11:37
Castle
23:44
Imperial
—
| APM avg | 86.8 |
| APM peak | 164 |
| eAPM avg | 47.5 |
| Villagers / military | 130 / 93 |
Focus
⚔️ 64.6% · 🌾 35.4%
Archer ×56 · Knight ×14 · Skirmisher ×14 · Militia ×9
Feudal
14:23
Castle
18:45
Imperial
38:48
| APM avg | 124.6 |
| APM peak | 254 |
| eAPM avg | 79.7 |
| Villagers / military | 126 / 126 |
Focus
⚔️ 74.6% · 🌾 25.4%
Skirmisher ×56 · Archer ×28 · Cavalry Archer ×26 · Militia ×10 · Monk ×2 · Iron Pagoda ×2
Match map
Initial resources + every placement click. Lines = walls · curves = elevation contours. ◆ gold · ⬟ stone · ● berries · ✦ relic · ◌ wall gap
Your base· Open — opponent sealed themselves in
DS_StonePleaseAoE's base· ✓ Closed at 18:45 · 52t walls · no gate
Smoothed initial terrain · ◌ = detected wall gap · hover for details
Inputs per minute
— F1Re - - DS_StonePleaseAoE
Build order — F1Re
First 150 of 383 actions detected
| 0:00 | Create | Villager (Male) |
| 0:01 | Build | House |
| 0:02 | Build | House |
| 0:05 | Create | Villager (Male) |
| 0:05 | Create | Villager (Male) |
| 0:06 | Create | Villager (Male) |
| 0:06 | Create | Villager (Male) |
| 1:16 | Create | Villager (Male) |
| 1:16 | Create | Villager (Male) |
| 1:47 | Create | Villager (Male) |
| 2:13 | Create | Villager (Male) |
| 2:14 | Create | Villager (Male) |
| 2:35 | Build | Barracks |
| 2:44 | Create | Villager (Male) |
| 3:00 | Build | House |
| 3:10 | Create | Villager (Male) |
| 3:35 | Create | Villager (Male) |
| 3:46 | Create | Militia |
| 3:51 | Build | House |
| 4:00 | Create | Militia |
| 4:08 | Create | Villager (Male) |
| 4:08 | Create | Villager (Male) |
| 4:08 | Create | Villager (Male) |
| 4:23 | Create | Militia |
| 4:29 | Build | House |
| 4:35 | Create | Villager (Male) |
| 4:36 | Create | Villager (Male) |
| 4:36 | Create | Villager (Male) |
| 4:52 | Create | Villager (Male) |
| 4:52 | Create | Villager (Male) |
| 5:19 | Create | Villager (Male) |
| 5:38 | Create | Villager (Male) |
| 6:01 | Create | Villager (Male) |
| 6:15 | Create | Villager (Male) |
| 6:27 | Create | Militia |
| 6:28 | Create | Militia |
| 6:33 | Create | Villager (Male) |
| 6:37 | Build | Lumber Camp |
| 7:25 | Create | Villager (Male) |
| 8:00 | Create | Villager (Male) |
| 8:15 | Build | Mill |
| 8:37 | Create | Villager (Male) |
| 8:57 | Research | Loom |
| 9:13 | Build | House |
| 9:15 | Build | Mining Camp |
| 9:19 | Research | Feudal Age |
| 9:20 | Research | Feudal Age |
| 9:39 | Create | Militia |
| 9:42 | Build | House |
| 9:43 | Build | Palisade Wall |
| 9:54 | Build | Palisade Wall |
| 9:56 | Build | Palisade Wall |
| 10:11 | Build | House |
| 10:14 | Build | Palisade Wall |
| 10:17 | Create | Militia |
| 10:36 | Build | Farm |
| 10:37 | Build | Farm |
| 11:12 | Create | Villager (Male) |
| 11:23 | Build | Palisade Wall |
| 11:37 | Age | Feudal Age |
| 11:39 | Research | Man-at-Arms (upgrade) |
| 11:40 | Create | Villager (Male) |
| 11:42 | Build | Archery Range |
| 11:56 | Build | House |
| 12:05 | Create | Villager (Male) |
| 12:06 | Build | Farm |
| 12:28 | Create | Archer |
| 12:36 | Create | Villager (Male) |
| 12:38 | Build | House |
| 12:42 | Build | Farm |
| 12:48 | Research | Arson |
| 12:48 | Research | Arson |
| 12:49 | Create | Archer |
| 12:55 | Create | Villager (Male) |
| 12:58 | Build | Palisade Wall |
| 13:09 | Create | Archer |
| 13:12 | Build | Farm |
| 13:12 | Create | Villager (Male) |
| 13:31 | Create | Villager (Male) |
| 13:49 | Create | Archer |
| 14:00 | Create | Militia |
| 14:01 | Create | Villager (Male) |
| 14:15 | Build | Blacksmith |
| 14:17 | Create | Villager (Male) |
| 14:17 | Create | Archer |
| 14:26 | Build | Farm |
| 14:37 | Create | Militia |
| 14:43 | Build | Farm |
| 14:49 | Build | Farm |
| 15:05 | Build | Farm |
| 15:12 | Create | Villager (Male) |
| 15:17 | Build | Farm |
| 15:29 | Build | Farm |
| 15:40 | Research | Fletching |
| 15:40 | Research | Fletching |
| 15:41 | Research | Fletching |
| 15:41 | Create | Archer |
| 15:58 | Create | Archer |
| 16:01 | Create | Villager (Male) |
| 16:02 | Build | Farm |
| 16:13 | Create | Villager (Male) |
| 16:15 | Create | Archer |
| 16:27 | Build | Farm |
| 16:30 | Build | Farm |
| 16:34 | Create | Archer |
| 16:44 | Research | Double-Bit Axe |
| 16:44 | Research | Double-Bit Axe |
| 16:50 | Build | Mining Camp |
| 16:58 | Build | Farm |
| 17:02 | Create | Villager (Male) |
| 17:03 | Create | Archer |
| 17:17 | Research | Horse Collar |
| 17:18 | Research | Horse Collar |
| 17:18 | Research | Horse Collar |
| 17:33 | Build | Farm |
| 17:35 | Create | Villager (Male) |
| 17:37 | Build | House |
| 17:41 | Create | Archer |
| 17:41 | Create | Archer |
| 17:41 | Create | Archer |
| 17:56 | Create | Villager (Male) |
| 17:57 | Create | Archer |
| 18:16 | Create | Villager (Male) |
| 18:22 | Build | House |
| 18:23 | Build | Palisade Wall |
| 18:27 | Create | Archer |
| 18:38 | Build | Farm |
| 18:38 | Build | Farm |
| 18:52 | Create | Villager (Male) |
| 19:13 | Build | Watch Tower |
| 19:30 | Create | Villager (Male) |
| 19:55 | Build | Market |
| 20:08 | Create | Villager (Male) |
| 20:13 | Build | House |
| 20:22 | Build | Watch Tower |
| 20:27 | Create | Archer |
| 20:36 | Build | House |
| 20:39 | Create | Villager (Male) |
| 20:42 | Build | House |
| 20:46 | Build | Farm |
| 20:49 | Research | Castle Age |
| 20:49 | Research | Castle Age |
| 20:49 | Research | Castle Age |
| 20:50 | Create | Archer |
| 21:00 | Build | House |
| 21:07 | Build | House |
| 21:08 | Build | House |
| 21:18 | Create | Archer |
| 21:28 | Build | Outpost |
| 21:31 | Build | Farm |
Build order — DS_StonePleaseAoE
First 150 of 468 actions detected
| 0:00 | Create | Villager (Male) |
| 0:01 | Create | Villager (Male) |
| 0:01 | Create | Villager (Male) |
| 0:01 | Create | Villager (Male) |
| 0:02 | Build | House |
| 0:06 | Build | House |
| 1:24 | Build | House |
| 1:39 | Create | Villager (Male) |
| 1:58 | Create | Villager (Male) |
| 1:58 | Create | Villager (Male) |
| 2:01 | Build | Lumber Camp |
| 2:17 | Create | Villager (Male) |
| 2:17 | Create | Villager (Male) |
| 2:36 | Create | Villager (Male) |
| 3:05 | Create | Villager (Male) |
| 3:34 | Create | Villager (Male) |
| 3:34 | Create | Villager (Male) |
| 3:51 | Build | House |
| 4:03 | Create | Villager (Male) |
| 4:31 | Create | Villager (Male) |
| 4:34 | Build | Barracks |
| 4:43 | Create | Villager (Male) |
| 4:44 | Create | Villager (Male) |
| 4:44 | Create | Villager (Male) |
| 5:00 | Build | House |
| 5:31 | Create | Militia |
| 5:32 | Create | Militia |
| 5:33 | Create | Militia |
| 5:36 | Create | Villager (Male) |
| 5:43 | Build | House |
| 6:00 | Create | Villager (Male) |
| 6:38 | Research | Loom |
| 6:53 | Create | Villager (Male) |
| 6:56 | Build | Mill |
| 7:10 | Create | Villager (Male) |
| 7:44 | Create | Villager (Male) |
| 8:09 | Create | Villager (Male) |
| 8:23 | Create | Villager (Male) |
| 8:43 | Create | Villager (Male) |
| 8:47 | Build | Mining Camp |
| 8:54 | Build | House |
| 8:58 | Build | Palisade Wall |
| 9:08 | Build | Farm |
| 9:16 | Create | Militia |
| 9:19 | Build | Palisade Wall |
| 9:23 | Build | House |
| 9:27 | Create | Villager (Male) |
| 9:35 | Build | Palisade Wall |
| 9:41 | Build | Farm |
| 9:48 | Create | Militia |
| 9:48 | Create | Militia |
| 9:49 | Build | Farm |
| 9:54 | Build | Palisade Wall |
| 9:57 | Build | House |
| 9:58 | Create | Villager (Male) |
| 10:10 | Build | Palisade Wall |
| 10:15 | Build | Farm |
| 10:21 | Create | Militia |
| 10:22 | Create | Villager (Male) |
| 10:30 | Build | Palisade Wall |
| 10:34 | Build | Palisade Wall |
| 10:39 | Create | Villager (Male) |
| 10:45 | Build | Farm |
| 11:01 | Build | Farm |
| 11:05 | Create | Villager (Male) |
| 11:08 | Build | Farm |
| 11:24 | Build | House |
| 11:34 | Build | Farm |
| 11:38 | Create | Villager (Male) |
| 11:42 | Create | Militia |
| 12:13 | Research | Feudal Age |
| 12:40 | Create | Militia |
| 12:46 | Build | Palisade Wall |
| 12:47 | Build | House |
| 12:53 | Create | Militia |
| 12:57 | Build | Farm |
| 12:57 | Build | Farm |
| 13:29 | Build | Palisade Wall |
| 14:00 | Build | Palisade Wall |
| 14:00 | Build | Palisade Wall |
| 14:01 | Create | Villager (Male) |
| 14:23 | Age | Feudal Age |
| 14:27 | Build | Watch Tower |
| 14:31 | Create | Villager (Male) |
| 14:39 | Build | Archery Range |
| 14:48 | Build | Archery Range |
| 14:52 | Build | Blacksmith |
| 15:06 | Build | House |
| 15:11 | Create | Villager (Male) |
| 15:16 | Build | House |
| 15:39 | Build | Archery Range |
| 15:59 | Create | Archer |
| 16:05 | Research | Castle Age |
| 16:05 | Research | Castle Age |
| 16:08 | Create | Archer |
| 16:23 | Create | Archer |
| 16:39 | Build | Palisade Wall |
| 16:43 | Build | Palisade Wall |
| 16:45 | Create | Archer |
| 16:45 | Create | Archer |
| 17:03 | Build | Palisade Wall |
| 17:03 | Build | Palisade Wall |
| 17:06 | Build | Palisade Wall |
| 17:07 | Build | Palisade Wall |
| 17:08 | Build | Palisade Wall |
| 17:10 | Build | Palisade Wall |
| 17:11 | Build | Palisade Wall |
| 17:13 | Build | Palisade Wall |
| 17:15 | Build | Palisade Wall |
| 17:17 | Create | Archer |
| 17:18 | Create | Archer |
| 17:23 | Build | Farm |
| 17:25 | Research | Fletching |
| 17:26 | Research | Fletching |
| 17:33 | Build | Palisade Wall |
| 17:41 | Build | Farm |
| 17:51 | Build | Farm |
| 17:52 | Create | Archer |
| 17:52 | Create | Archer |
| 17:52 | Create | Archer |
| 18:14 | Create | Archer |
| 18:18 | Research | Double-Bit Axe |
| 18:20 | Build | Farm |
| 18:39 | Create | Villager (Male) |
| 18:42 | Build | Farm |
| 18:44 | Build | Farm |
| 18:45 | Age | Castle Age |
| 18:51 | Research | Crossbowman (upgrade) |
| 18:52 | Research | Crossbowman (upgrade) |
| 18:52 | Research | Crossbowman (upgrade) |
| 18:52 | Research | Crossbowman (upgrade) |
| 18:52 | Research | Crossbowman (upgrade) |
| 18:52 | Research | Crossbowman (upgrade) |
| 18:52 | Research | Crossbowman (upgrade) |
| 19:00 | Build | House |
| 19:01 | Build | House |
| 19:16 | Create | Villager (Male) |
| 19:29 | Create | Villager (Male) |
| 19:30 | Create | Archer |
| 19:30 | Create | Archer |
| 19:43 | Create | Villager (Male) |
| 20:07 | Build | Palisade Wall |
| 20:09 | Create | Villager (Male) |
| 20:11 | Research | Horse Collar |
| 20:16 | Create | Villager (Male) |
| 20:25 | Build | Lumber Camp |
| 20:28 | Build | Mining Camp |
| 20:30 | Create | Villager (Male) |
| 20:31 | Create | Archer |
| 20:31 | Create | Archer |
Match timeline
| 2:35 | F1Re · first_building Barracks |
| 4:34 | DS_StonePleaseAoE · first_building Barracks |
| 8:58 | DS_StonePleaseAoE · wall_segment Palisade Wall x1 |
| 9:19 | DS_StonePleaseAoE · wall_segment Palisade Wall x1 |
| 9:35 | DS_StonePleaseAoE · wall_segment Palisade Wall x1 |
| 9:43 | F1Re · wall_segment Palisade Wall x1 |
| 9:54 | F1Re · wall_segment Palisade Wall x3 |
| 9:54 | DS_StonePleaseAoE · wall_segment Palisade Wall x5 |
| 9:56 | F1Re · wall_segment Palisade Wall x7 |
| 10:10 | DS_StonePleaseAoE · wall_segment Palisade Wall x7 |
| 10:14 | F1Re · wall_segment Palisade Wall x1 |
| 10:30 | DS_StonePleaseAoE · wall_segment Palisade Wall x4 |
| 10:34 | DS_StonePleaseAoE · wall_segment Palisade Wall x12 |
| 11:23 | F1Re · wall_segment Palisade Wall x3 |
| 11:37 | F1Re · age_up feudal |
| 11:42 | F1Re · first_building Archery Range |
| 12:46 | DS_StonePleaseAoE · wall_segment Palisade Wall x1 |
| 12:58 | F1Re · wall_segment Palisade Wall x4 |
| 13:29 | DS_StonePleaseAoE · wall_segment Palisade Wall x1 |
| 14:00 | DS_StonePleaseAoE · wall_segment Palisade Wall x1 |
| 14:00 | DS_StonePleaseAoE · wall_segment Palisade Wall x1 |
| 14:23 | DS_StonePleaseAoE · age_up feudal |
| 14:39 | DS_StonePleaseAoE · first_building Archery Range |
| 16:39 | DS_StonePleaseAoE · wall_segment Palisade Wall x2 |
| 16:43 | DS_StonePleaseAoE · wall_segment Palisade Wall x6 |
| 17:03 | DS_StonePleaseAoE · wall_segment Palisade Wall x1 |
| 17:03 | DS_StonePleaseAoE · wall_segment Palisade Wall x1 |
| 17:06 | DS_StonePleaseAoE · wall_segment Palisade Wall x2 |
| 17:07 | DS_StonePleaseAoE · wall_segment Palisade Wall x1 |
| 17:08 | DS_StonePleaseAoE · wall_segment Palisade Wall x1 |
| 17:10 | DS_StonePleaseAoE · wall_segment Palisade Wall x1 |
| 17:11 | DS_StonePleaseAoE · wall_segment Palisade Wall x1 |
| 17:13 | DS_StonePleaseAoE · wall_segment Palisade Wall x1 |
| 17:15 | DS_StonePleaseAoE · wall_segment Palisade Wall x1 |
| 17:33 | DS_StonePleaseAoE · wall_segment Palisade Wall x1 |
| 18:23 | F1Re · wall_segment Palisade Wall x10 |
| 18:45 | DS_StonePleaseAoE · age_up castle |
| 20:07 | DS_StonePleaseAoE · wall_segment Palisade Wall x1 |
| 20:48 | F1Re · first_market_buy 100 food |
| 20:49 | DS_StonePleaseAoE · wall_segment Palisade Wall x1 |
| 21:42 | DS_StonePleaseAoE · wall_segment Palisade Wall x1 |
| 23:23 | DS_StonePleaseAoE · first_building Siege Workshop |
| 23:44 | F1Re · age_up castle |
| 27:33 | F1Re · first_building Stable |
| 31:31 | DS_StonePleaseAoE · first_building Monastery |
| 32:25 | DS_StonePleaseAoE · first_building Castle |
| 33:37 | DS_StonePleaseAoE · first_market_sell 500 wood |
| 35:10 | DS_StonePleaseAoE · first_building Stable |
| 35:37 | DS_StonePleaseAoE · first_market_buy 100 food |
| 36:04 | DS_StonePleaseAoE · wall_segment Stone Wall x1 |
| 38:10 | F1Re · first_building Castle |
| 38:48 | DS_StonePleaseAoE · age_up imperial |
| 38:53 | F1Re · resign |
[ AI ANALYSIS · 1 CREDIT ]
What really happened in this match?
Wolo.gg analyzes every decision: build order, eco, micro, common mistakes by bracket. Personalized analysis on WhatsApp or Discord in 30 seconds.
Civ guide
Britons
Perfil
Jugador #196310